 Dungeon Crawl Stone Soup version 0.23-a0-336-g43d87f4 (webtiles) character file.

4839 Faust the Thaumaturge (level 10, -39/52 HPs)
             Began as a Deep Elf Conjurer on Oct 17, 2018.
             Was a Follower of Vehumet.
             Annihilated by a white ugly thing (45 damage)
             ... on level 9 of the Dungeon.
             The game lasted 01:25:35 (10565 turns).

Faust the Thaumaturge (Deep Elf Conjurer)          Turns: 10565, Time: 01:25:36

Health: -39/52     AC:  5    Str:  5    XL:     10   Next: 25%
Magic:  27/27      EV: 19    Int: 24    God:    Vehumet [*.....]
Gold:   391        SH:  0    Dex: 15    Spells: 14/32 levels left

rFire    + . .     SeeInvis .   e - +6 dagger (flame)
rCold    x . .     Gourm    .   (no shield)
rNeg     . . .     Faith    .   f - +2 robe
rPois    .         Spirit   .   (no helmet)
rElec    .         Reflect  .   r - scarf {repulsion}
rCorr    .         Harm     .   (no gloves)
MR       +....                  w - +0 pair of boots
Stlth    +++.......             n - amulet of regeneration
HPRegen  0.57/turn              g - ring of fire
MPRegen  0.20/turn              l - +4 ring of evasion

@: about to teleport, repel missiles
A: no striking features
a: Renounce Religion


You were on level 9 of the Dungeon.
You worshipped Vehumet.
Vehumet was aware of your devotion.
You were not hungry.

You visited 2 branches of the dungeon, and saw 10 of its levels.

You collected 391 gold pieces.

Inventory:

Hand Weapons
 e - a +6 dagger of flaming (weapon)
Missiles
 h - 2 throwing nets (quivered)
 j - 5 tomahawks
Armour
 f - a +2 robe (worn)
 r - a scarf of repulsion (worn)
 w - a +0 pair of boots (worn)
Jewellery
 g - a ring of fire (left hand)
 k - a +3 ring of strength
 l - a +4 ring of evasion (right hand)
 n - an amulet of regeneration (around neck)
 v - a +4 ring of dexterity
Wands
 a - a wand of flame (37)
 b - a wand of polymorph (10)
Scrolls
 o - a scroll of enchant armour
 p - 9 scrolls of remove curse
 t - 3 scrolls of identify
 u - a scroll of fog
Potions
 d - a potion of invisibility
 i - a potion of flight
 q - a potion of agility
 s - a potion of cancellation
Comestibles
 c - 6 rations


   Skills:
 + Level 1.6 Fighting
 + Level 2.6 Short Blades
 + Level 5.2 Dodging
 + Level 6.1 Stealth
 + Level 11.8 Spellcasting
 + Level 11.3 Conjurations
 + Level 2.5 Hexes
 + Level 0.9 Evocations


You had 14 spell levels left.
You knew the following spells:

 Your Spells              Type           Power        Failure   Level  Hunger
a - Magic Dart            Conj           ####         1%          1    None
b - Searing Ray           Conj           ######       1%          2    None
c - Dazzling Spray        Conj/Hex       #####.       1%          3    None
d - Iskenderun's Mystic   Conj           ######..     1%          4    None
e - Fulminant Prism       Conj/Hex       #####.....   2%          4    None
f - Force Lance           Conj/Tloc      #####...     4%          4    None

Your spell library contained the following spells:

 Spells                   Type           Power        Failure   Level  Hunger
 Sting                    Conj/Pois      ####         1%          1    None
 Confusing Touch          Hex            ####..       1%          1    None
 Confuse                  Hex            ####....     4%          3    None
 Gell's Gravitas          Tloc           ##........   13%         3    None
 Petrify                  Tmut/Erth      ##......     41%         4    None
 Metabolic Englaciation   Hex/Ice        ###.......   58%         5    ###....
 Yara's Violent Unravell  Hex/Tmut       ###.......   58%         5    ###....


Dungeon Overview and Level Annotations

Branches:
Dungeon (9/15)             Temple (1/1) D:7            Lair (0/6) D:8
    Orc: D:9-12

Altars:
Ashenzari
Dithmenos
Elyvilon
Fedhas
Gozag
Hepliaklqana
Kikubaaqudgha
Makhleb
Nemelex Xobeh
Okawaru
Ru
Sif Muna
Trog
Uskayaw
Vehumet
Wu Jian
Xom
Yredelemnul
Zin
The Shining One

Shops:
D:4 *


Message History

The white ugly thing gurgles horribly!
You climb upwards.
There is a stone staircase leading down here.
You start resting.
HP restored.
You start resting.
Magic restored.
You climb downwards.
An ice beast comes into view.
The white ugly thing engulfs you. The white ugly thing freezes you!!
You feel a terrible chill!
Ouch! That really hurt!
There is a stone staircase leading up here.
Okay, then.
As you read the scroll of teleportation, it crumbles to dust.
You feel strangely unstable. The white ugly thing engulfs you!
* * * LOW HITPOINT WARNING * * *
The white ugly thing freezes you!!!
You feel a terrible chill!
Ouch! That really hurt!
You die...

#. #.#
+..##########
#...........#
#...........#
###...........#
..............#
##.....@...[..#
....<.u[......#
###...........#
#.........(.#
#...........#
#......÷>...#
#.÷....÷....#
#.......Y...#
#....D......#


You could see a white ugly thing and an ice beast.

Vanquished Creatures
  Pikel (D:8)
  Sigmund (D:6)
  6 yaks
  An acid dragon (D:9)
  3 sky beasts
  3 orc warriors
  An ice beast (D:5)
  2 phantoms
  A black bear (D:7)
  2 ogres (D:4)
  4 centaurs
  A wyvern zombie (D:8)
  4 bullfrogs
  3 scorpions (D:8)
  A howler monkey (D:4)
  4 crimson imps
  3 hounds
  2 gnoll shamans
  A bullfrog skeleton (D:9)
  2 centaur skeletons (D:8)
  5 orc priests
  9 orc wizards
  Jessica (D:2)
  4 iguanas
  6 worker ants
  A killer bee zombie (D:7)
  A hound skeleton (D:3)
  A howler monkey zombie (D:6)
  A worker ant zombie (D:5)
  7 gnolls
  14 adders
  3 shadow imps
  An adder skeleton (D:4)
  An adder zombie (D:6)
  5 worms
  3 dart slugs
  7 leopard geckos
  21 orcs
  6 bats
  2 giant cockroaches
  13 hobgoblins
  4 jackals (D:1)
  14 kobolds
  5 quokkas
  3 ball pythons
  10 frilled lizards
  9 goblins
  5 rats
208 creatures vanquished.

Vanquished Creatures (others)
  4 slaves (D:8)
  An orc wizard (D:8)
  A worker ant (D:8)
  An adder skeleton (D:8)
  3 orcs (D:8)
  11 fulminant prisms
  A fungus (D:8)
22 creatures vanquished.

Grand Total: 230 creatures vanquished

Notes
Turn   | Place    | Note
-------+----------+-------------------------------------------
     0 | D:1      | Faust the Deep Elf Conjurer began the quest for the Orb.
     0 | D:1      | Reached XP level 1. HP: 10/10 MP: 6/6
   195 | D:1      | Reached XP level 2. HP: 15/15 MP: 5/8
   367 | D:1      | Learned a level 2 spell: Searing Ray
   479 | D:1      | Reached skill level 5 in Conjurations
   778 | D:1      | Reached XP level 3. HP: 18/19 MP: 7/10
  1471 | D:2      | Noticed Jessica
  1491 | D:2      | Reached XP level 4. HP: 15/24 MP: 1/12
  1498 | D:2      | Killed Jessica
  1714 | D:2      | Learned a level 4 spell: Iskenderun's Mystic Blast
  2230 | D:2      | Learned a level 4 spell: Fulminant Prism
  2455 | D:3      | Reached XP level 5. HP: 28/28 MP: 7/13
  3443 | D:4      | Reached skill level 1 in Short Blades
  3473 | D:4      | Noticed an ogre
  3480 | D:4      | Killed an ogre
  3480 | D:4      | Reached skill level 5 in Spellcasting
  3480 | D:4      | Reached XP level 6. HP: 32/32 MP: 6/15
  4116 | D:4      | Reached XP level 7. HP: 15/37 MP: 2/17
  4171 | D:4      | Found Isusolom's General Store.
  4401 | D:4      | Reached skill level 5 in Stealth
  4615 | D:4      | Learned a level 4 spell: Force Lance
  5113 | D:5      | Entered Level 5 of the Dungeon
  5333 | D:5      | Reached XP level 8. HP: 17/42 MP: 7/20
  5691 | D:5      | Found an opulent altar of Gozag.
  5691 | D:5      | Found a sacrificial altar of Ru.
  6237 | D:6      | Reached skill level 1 in Fighting
  6838 | D:6      | Noticed Sigmund
  6849 | D:6      | Killed Sigmund
  7936 | D:7      | Found a staircase to the Ecumenical Temple.
  7945 | Temple   | Entered the Ecumenical Temple
  7950 | Temple   | Became a worshipper of Vehumet
  8263 | D:7      | Reached XP level 9. HP: 47/47 MP: 19/24
  8270 | D:7      | Reached skill level 1 in Hexes
  8514 | D:8      | Noticed Pikel
  8523 | D:8      | Killed Pikel
  8523 | D:8      | Reached skill level 10 in Spellcasting
  8523 | D:8      | Reached skill level 10 in Conjurations
  8718 | D:8      | Found a glowing golden altar of the Shining One.
  9421 | D:8      | Learned a level 3 spell: Dazzling Spray
  9458 | D:8      | Reached * piety under Vehumet
  9458 | D:8      | Offered knowledge of Sting by Vehumet.
  9828 | D:8      | Found a staircase to the Lair.
 10117 | D:9      | Found a blossoming altar of Fedhas.
 10124 | D:9      | Found a glowing silver altar of Zin.
 10147 | D:9      | Reached XP level 10. HP: 41/52 MP: 10/27
 10207 | D:8      | Reached skill level 5 in Dodging
 10369 | D:8      | Upgraded the game from 0.23-a0-333-g006994f to
                  | 0.23-a0-336-g43d87f4
 10440 | D:9      | Noticed a white ugly thing
 10565 | D:9      | Annihilated by a white ugly thing

Vault maps used:
D:1:      eino_arrival_cavern_c, minmay_pentomino_p4
D:2:      uniq_jessica
D:3:      first_ration, minmay_unequal
D:4:      minmay_misc_feat_iff, kennysheep_windowed_goal
D:5:      gammafunk_temple_overflow_pools
D:6:      uniq_sigmund
D:7:      temple_green
D:8:      lemuel_coloured_pillars_altar, dpeg_oklobed_lair,
          minmay_misc_feat_four_crosses, kennysheep_generic_room_3, uniq_pikel
D:9:      fedhas_bush_and_centaur_altar, lemuel_doored_altar,
          grunt_temple_overflow_open, uniq_joseph
Temple:   minmay_freezing_vapour_temple

Skill      XL: |  1  2  3  4  5  6  7  8  9 10 |
---------------+-------------------------------+-----
Conjurations   | 5 6 7 9 11 | 11.3
Spellcasting   | 4 5 7 9 11 | 11.8
Stealth        | 3 4 5 6 |  6.1
Short Blades   | 1 2 |  2.6
Dodging        | 3 4 5 |  5.2
Fighting       | 1 |  1.6
Hexes          | 2 |  2.5
Evocations     | |  0.9

Action                   |  1- 3 |  4- 6 |  7- 9 | 10-12 || total
-------------------------+-------+-------+-------+-------++-------
Melee: Unarmed           |     1 |       |       |       ||     1
       Dagger            |    16 |    35 |    13 |     4 ||    68
 Cast: Magic Dart        |    52 |    63 |    96 |    12 ||   223
       Searing Ray       |    15 |    12 |    67 |     7 ||   101
       Iskenderun's Myst |       |    13 |    23 |     1 ||    37
       Fulminant Prism   |       |       |    11 |       ||    11
       Dazzling Spray    |       |       |     2 |     2 ||     4
Evoke: Wand              |       |     2 |     1 |     4 ||     7
  Use: Scroll            |     5 |     3 |     8 |     1 ||    17
       Potion            |       |     7 |     3 |       ||    10
 Stab: Sleeping          |     1 |     2 |     1 |       ||     4
  Eat: Chunk             |     2 |     4 |     1 |     2 ||     9
       Ration            |       |     2 |     5 |       ||     7
Armor: Robe              |     2 |    12 |    11 |     2 ||    27
Dodge: Dodged            |    23 |    30 |    70 |    14 ||   137
       Deflected         |       |       |     4 |       ||     4

Table legend:
 A = Non-vault XP
 B = Vault XP
 C = Vault XP percentage of total XP
 D = Non-vault monster count
 E = Vault monster count
 F = Vault count percentage of total count
                 A         B        C        D         E       F
            +---------+---------+-------+---------+---------+-------
      Total |    5754 |    1159 |  16.8 |     193 |      16 |   7.7
            +---------+---------+-------+---------+---------+-------
        D:1 |      57 |       7 |  10.9 |      34 |       4 |  10.5
        D:2 |      92 |      37 |  28.7 |      28 |       1 |   3.4
        D:3 |      82 |       9 |   9.9 |      16 |       5 |  23.8
        D:4 |     930 |       3 |   0.3 |      29 |       1 |   3.3
        D:5 |     497 |       0 |   0.0 |      13 |       0 |   0.0
        D:6 |     368 |     223 |  37.7 |      12 |       1 |   7.7
        D:7 |     815 |       0 |   0.0 |      16 |       0 |   0.0
        D:8 |    1578 |     765 |  32.7 |      32 |       3 |   8.6
        D:9 |    1335 |     115 |   7.9 |      13 |       1 |   7.1
            +---------+---------+-------+---------+---------+-------
